 Dungeon Crawl Stone Soup version 0.29-a0-1016-g236c7fd91e (webtiles) character file.

Game seed: 8406128814239431273

2091 drpainis the Covert (level 9, -6/42 HPs)
             Began as a Spriggan Enchanter on Aug 9, 2022.
             Was an Initiate of Dithmenos.
             Mangled by Duvessa
             ... wielding a +2 short sword of speed
              (15 damage)
             ... on level 7 of the Dungeon.
             The game lasted 00:12:31 (11073 turns).

drpainis the Covert (Spriggan Enchanter)           Turns: 11073, Time: 00:12:32

Health: -6/42      AC:  2    Str:  4    XL:     9   Next: 6%
Magic:  16/19      EV: 21    Int: 17    God:    Dithmenos [......]
Gold:   443        SH:  0    Dex: 25    Spells: 12/20 levels left

rFire   . . .      SeeInvis +   G - +5 dagger (venom)
rCold   . . .      Faith    .   m - orb {guile}
rNeg    . . .      Spirit   .   b - +0 robe
rPois   .          Reflect  .   (helmet restricted)
rElec   .          Harm     .   (no cloak)
rCorr   .          Rampage  .   (gloves unavailable)
Will    .....                   (boots unavailable)
Stlth   ++++++....              (no amulet)
HPRegen 0.14/turn               r - +6 ring of dexterity
MPRegen 0.16/turn               u - ring of flight

@: confusing by touch, flying, very quick
A: very small, no large weapons, unfitting armour, see invisible, speed 3
a: Renounce Religion


You were on level 7 of the Dungeon.
You worshipped Dithmenos.
Dithmenos was noncommittal.
You visited 1 branch of the dungeon, and saw 7 of its levels.

You collected 443 gold pieces.

Inventory:

Hand Weapons
 a - a +2 dagger
 G - a +5 dagger of venom (weapon)
Armour
 b - a +0 robe (worn)
 m - an orb of guile (worn)
Magical Staves
 F - a staff of cold
Jewellery
 r - a +6 ring of dexterity (left hand)
 u - a ring of flight (right hand)
 z - a ring of fire
 E - a ring of ice
Wands
 w - a wand of polymorph (6)
 C - a wand of mindburst (13)
 D - a wand of roots (11)
Scrolls
 d - 4 scrolls of immolation
 f - 3 scrolls of teleportation
 g - 2 scrolls of identify {unknown}
 i - 2 scrolls of magic mapping
 k - a scroll of butterflies {unknown}
 l - 4 scrolls of fear
 o - a scroll of silence {unknown}
 q - 2 scrolls of poison
 t - a scroll of summoning {unknown}
 x - a scroll of blinking {unknown}
 y - a scroll of enchant armour {unknown}
 A - a scroll of noise {unknown}
Potions
 c - 2 potions of invisibility
 e - a potion of attraction {unknown}
 h - 2 potions of brilliance {unknown}
 j - 3 potions of curing {unknown}
 n - 2 potions of flight {unknown}
 p - a potion of ambrosia {unknown}
 s - 3 potions of might {unknown}
 v - 2 potions of heal wounds {unknown}
 B - a potion of degeneration {unknown}


   Skills:
 + Level 1.7 Fighting
 + Level 3.5 Short Blades
 + Level 4.8 Dodging
 + Level 11.7 Stealth
 + Level 6.4 Spellcasting
 + Level 7.1 Hexes
 + Level 3.0 Ice Magic


You had 12 spell levels left.
You knew the following spells:

 Your Spells              Type           Power      Damage    Failure   Level
a - Ensorcelled Hibernat  Hex/Ice        44%        N/A       2%          2
b - Confusing Touch       Hex            29%        N/A       1%          3
c - Tukima's Dance        Hex            29%        N/A       1%          3

Your spell library contained the following spells:

 Spells                   Type           Power      Damage    Failure   Level
 Dazzling Flash           Conj/Hex       34%        N/A       9%          3
 Ozocubu's Armour         Ice            15%        N/A       11%         3
 Beastly Appendage        Tmut           10%        N/A       12%         1
 Wereblood                Tmut           5%         N/A       19%         2
 Anguish                  Hex/Necr       8%         N/A       28%         4
 Spider Form              Tmut/Pois      5%         N/A       36%         3
 Summon Mana Viper        Hex/Summ       17%        N/A       61%         5
 Summon Forest            Summ/Tloc      2%         N/A       98%         5
 Summon Cactus Giant      Summ           2%         N/A       100%        6
 Ozocubu's Refrigeration  Ice            7%         4d9       100%        7


Dungeon Overview and Level Annotations

Branches:
Dungeon (7/15)             Temple (0/1) D:7

Altars:
Ashenzari
Dithmenos
Hepliaklqana
Makhleb
Okawaru
Qazlal
Ru
Sif Muna
Uskayaw
Vehumet
Wu Jian
Yredelemnul
Zin

Annotations:
D:7 Duvessa


Innate Abilities, Weirdness & Mutations

You are very small and have problems with some larger weapons.
You are too small for most types of armour.
You have supernaturally acute eyesight. (SInv)
You cover ground extremely quickly. (Speed+++)


Message History

You puncture the jelly!
You kill the jelly!
Dithmenos accepts your kill.
Found a scroll labelled CEHOEM UCIFO.
You start resting.
HP restored.
Found a stone staircase leading down.
k - a scroll labelled CEHOEM UCIFO
Found a stone staircase leading down.
D - a wand of roots (11) (gained 4 charges)
You now have 443 gold pieces (gained 8).
Key pressed, stopping explore.
d - 4 scrolls of immolation (gained 1) Dowan, Brother of Duvessa comes into view.
He is wielding a +5 dagger of electrocution.
Dowan is nearby!
Duvessa, Sister of Dowan comes into view.
She is wielding a +2 short sword of speed, wearing a +0 ring mail of poison resistance and carrying a wand of flame (14).
Found a stone staircase leading down.
The helpless Dowan fails to defend himself.
You spit Dowan like a pig!!!!
You kill Dowan!
Dithmenos accepts your kill.
Duvessa screams, "No!
How DARE you!"
Duvessa goes berserk!
Casting: Ensorcelled Hibernation (safe; 2% risk of failure)
Confirm with . or Enter, or press ? or * to list all spells.
You can't see any susceptible monsters within range! (Use Z to cast anyway.) Unknown command.
You hear a shout!
Casting: Ensorcelled Hibernation (safe; 2% risk of failure)
Confirm with . or Enter, or press ? or * to list all spells.
Your hands begin to glow red.
Unknown command.
You hit Duvessa but do no damage.
Duvessa hits you with a +2 short sword of speed!
Duvessa hits you with a +2 short sword of speed.
You hit Duvessa but do no damage.
Duvessa hits you with a +2 short sword of speed!
* * * LOW HITPOINT WARNING * * *
Duvessa hits you with a +2 short sword of speed!
You die...

#.#############
#....).#≈≈≈§≈§≈
#...####.'.§.....
#.### ###≈§≈§§≈≈
## #. #≈.§.§.. #.
. #≈.≈≈≈≈≈ #> ##
#≈.≈..(≈
##.######
#≈.≈.≈≈≈
#.).e@..#
#≈.≈.≈≈≈
##.####.#
#≈.≈.... #. #.#
#§§≈≈≈≈≈ #.####.#
#§§).§.. #....#.#
#§§≈§§≈≈ #....#.#
##'##### ##...#.#
#§##.## #.##.#
#....## #.##.#
####.##


You could see Duvessa (berserk).

Vanquished Creatures
  Maggie (D:6)
  Sigmund (D:6)
  A sky beast (D:7)
  2 black bears
  2 ogres
  2 centaurs
  A phantom (D:4)
  5 scorpions
  Dowan (D:7)
  A howler monkey (D:7)
  2 jellies
  A lava snake (D:7)
  An orc priest (D:7)
  6 hounds
  An iguana (D:6)
  An orc wizard (D:7)
  4 gnolls (D:6)
  9 adders
  2 ufetubi
  4 dart slugs
  12 orcs
  A bat (D:2)
  10 endoplasms
  2 giant cockroaches
  6 goblins
  6 hobgoblins
  3 jackals (D:5)
  8 kobolds
  3 quokkas
  5 ball pythons
  6 frilled lizards
  5 rats
  A butterfly (D:7)
116 creatures vanquished.

Vanquished Creatures (others)
  2 dancing weapons (D:6)
  19 fungi (D:3)
  8 plants (D:1)
29 creatures vanquished.

Grand Total: 145 creatures vanquished

Notes
Turn   | Place    | Note
-------+----------+-------------------------------------------
     0 | D:1      | drpainis the Spriggan Enchanter began the quest for the
                  | Orb.
     0 | D:1      | Reached XP level 1. HP: 9/9 MP: 5/5
   417 | D:1      | Reached XP level 2. HP: 13/13 MP: 6/6
   426 | D:1      | Learned a level 2 spell: Ensorcelled Hibernation
  1298 | D:2      | Reached skill level 5 in Stealth
  1298 | D:2      | Reached XP level 3. HP: 15/16 MP: 6/8
  1387 | D:2      | Identified the +4 leather armour "Hocuebb" {Str+4}
  1490 | D:2      | Found a faded altar of an unknown god.
  2486 | D:2      | Learned a level 3 spell: Confusing Touch
  2490 | D:2      | Learned a level 3 spell: Tukima's Dance
  2564 | D:3      | Reached XP level 4. HP: 17/21 MP: 6/9
  2650 | D:3      | Found a broken altar of Ashenzari.
  3148 | D:3      | Found an iron altar of Okawaru.
  3342 | D:3      | Reached skill level 6 in Stealth
  3820 | D:4      | Found a sacrificial altar of Ru.
  4547 | D:4      | Noticed a phantom
  4552 | D:4      | Killed a phantom
  4553 | D:4      | Reached skill level 1 in Ice Magic
  4553 | D:4      | Reached XP level 5. HP: 25/25 MP: 9/11
  4714 | D:4      | Found a stormy altar of Qazlal.
  4988 | D:5      | Entered Level 5 of the Dungeon
  5016 | D:5      | Reached skill level 7 in Stealth
  5016 | D:5      | Reached skill level 5 in Hexes
  5278 | D:5      | Reached XP level 6. HP: 29/29 MP: 9/12
  5959 | D:5      | Noticed an ice beast
  6819 | D:5      | Reached skill level 1 in Fighting
  6819 | D:5      | Reached skill level 8 in Stealth
  6819 | D:5      | Reached XP level 7. HP: 23/33 MP: 11/14
  6927 | D:5      | Found a glowing silver altar of Zin.
  7568 | D:5      | Found a basalt altar of Yredelemnul.
  7568 | D:5      | Found a shadowy altar of Dithmenos.
  7576 | D:5      | Found a radiant altar of Vehumet.
  7578 | D:5      | Found an ornate altar of the Wu Jian Council.
  7580 | D:5      | Found a hide-covered altar of Uskayaw.
  7591 | D:5      | Became a worshipper of Dithmenos the Shadowed
  7664 | D:6      | Noticed Sigmund
  7671 | D:6      | Killed Sigmund
  7672 | D:6      | Reached skill level 9 in Stealth
  7672 | D:6      | Reached skill level 5 in Spellcasting
  7687 | D:6      | Reached XP level 8. HP: 37/37 MP: 16/16
  8366 | D:7      | Reached skill level 10 in Stealth
  8622 | D:7      | Found a staircase to the Ecumenical Temple.
  8639 | D:7      | Found a burning altar of Makhleb.
  8640 | D:7      | Found a shimmering blue altar of Sif Muna.
  8992 | D:6      | Noticed Maggie
  8997 | D:6      | Killed Maggie
  8998 | D:6      | Reached skill level 11 in Stealth
  9539 | D:6      | Found a hazy altar of Hepliaklqana.
 10569 | D:7      | Reached XP level 9. HP: 42/42 MP: 19/19
 11063 | D:7      | Noticed Dowan
 11067 | D:7      | Noticed Duvessa
 11068 | D:7      | Killed Dowan
 11073 | D:7      | Mangled by Duvessa

Illustrated notes

Levels and vault maps discovered:
D:1:      psy_arrival_conway, layout_loops_cross
D:2:      layout_loops_ring, serial_rivers, chequers_serial_rivers_room_b,
          chequers_serial_rivers_room_a, chequers_serial_rivers_micro_d,
          chequers_serial_rivers_small_a, chequers_ecumenical_altar_island
D:3:      layout_rooms, mainiacjoe_overflow_chevrons, evilmike_ruin_ashenzari
D:4:      layout_cave_pools, amcnicky_altar_gilded,
          nicolae_overflow_hidden_temple
D:5:      layout_basic, zin_scriptorium, chequers_temple_overflow_minitemple
D:6:      layout_loops_ring, marbit_many_paths, uniq_sigmund, uniq_maggie
D:7:      layout_loops_ring, amethyst_overflow_temple_binary,
          minmay_temple_entry_butterflies, kennysheep_small_spiral,
          uniq_crazy_yiuf_cottage, uniq_duvessa

Skill      XL: |  1  2  3  4  5  6  7  8 |
---------------+-------------------------+-----
Hexes          | 4 5 7 |  7.1
Spellcasting   | 3 4 5 6 |  6.4
Stealth        | 5 6 7 8 9 11 | 11.7
Dodging        | 3 4 |  4.8
Short Blades   | 2 3 |  3.5
Ice Magic      | 1 2 3 |  3.0
Fighting       | 1 |  1.7

Action                   |  1- 3 |  4- 6 |  7- 9 || total
-------------------------+-------+-------+-------++-------
Melee: Dagger            |   107 |    94 |    65 ||   266
 Cast: Ensorcelled Hiber |     8 |    37 |    20 ||    65
       Confusing Touch   |       |     3 |     4 ||     7
       Tukima's Dance    |       |     3 |     5 ||     8
  Use: Scroll            |       |       |     9 ||     9
 Stab: Sleeping          |    19 |    32 |    26 ||    77
       Confused          |       |     3 |     3 ||     6
Armor: Robe              |     6 |     7 |     3 ||    16
Dodge: Dodged            |    59 |    72 |    44 ||   175

Table legend: (Time is in decaauts)
 A = Elapsed time spent in this place.
 B = Non-inter-level travel time spent in this place.
 C = Inter-level travel time spent in this place.
 D = Time resting spent in this place.
 E = Time spent auto-exploring this place.
 F = Levels seen in this place.
 G = Mean time per level.
                   A        B        C        D        E       F      G
               +--------+--------+--------+--------+--------+-----+--------+
         Total |   9390 |   9356 |     34 |   5972 |   2165 |   7 | 1341.4 |
       Dungeon |   9390 |   9356 |     34 |   5972 |   2165 |   7 | 1341.4 |
               +--------+--------+--------+--------+--------+-----+--------+

Top non-repeatable levels by time:
     D:6: 1952 daAuts
     D:5: 1826 daAuts
     D:4: 1652 daAuts
     D:2: 1183 daAuts
     D:7: 1011 daAuts
     D:3: 905 daAuts
     D:1: 858 daAuts
